AoeStats
← LimitBid70

Golden Pit

509984132Analyzed
1v1 RM · 2d ago on Sep 28, 2026· 28m 40s· 2 players
Game mode
Random Map
Map size
Tiny (2 player)
Population
200
Speed
Normal
Resources
Standard
Victory
Conquest
Starting age
Dark Age
Ending age
Imperial Age
RankedLock teamsTeams togetherTeam positionsShared explorationLock speedFull tech treeHidden civsTurbo modeCheats
Victory
Defeat
🇦🇷 Malay · Argentina
1209
+16
🇦🇺 Cumans · Australia
1204
-16
LimitBid70
10:13 Feudal Age
12:06 Double-Bit Axe
16:08 Wheelbarrow
18:07 Gold Mining
18:15 Fletching
23:01 Castle Age
23:09 Castle Age
20:57 Loom
20:58 Town Watch
22:47 Horse Collar
23:26 Forging
23:21 Scale Barding Armor
23:27 Scale Barding Armor
23:34 Bloodlines
23:47 Capped Ram
25:34 Bodkin Arrow
Enzo Perez
1:11 Loom
11:28 Feudal Age
11:16 Double-Bit Axe
17:49 Castle Age
16:27 Stone Mining
16:46 Horse Collar
17:43 Town Watch
18:11 Bow Saw
19:49 Fletching
Connection lost

Rejoining the realm…

Still unreachable

The connection could not be restored.

Session expired

The server has moved on; the page needs a fresh start.